 Dungeon Crawl Stone Soup version 0.22-a0-280-g69bf1f3 (webtiles) character file.

819 tidbits the Insei (level 7, 46/53 HPs)
             Began as a Gnoll Transmuter on Mar 16, 2018.
             Quit the game on level 8 of the Dungeon.
             The game lasted 00:15:59 (1346 turns).

tidbits the Insei (Gnoll Transmuter)                Turns: 1346, Time: 00:15:59

Health: 46/53      AC:  4    Str: 12    XL:     7   Next: 95%
Magic:  15/15      EV: 15    Int: 17    God:
Gold:   51         SH:  0    Dex: 16    Spells: 11/17 levels left

rFire    . . .     SeeInvis .     - Unarmed
rCold    . . .     Gourm    .   (no shield)
rNeg     . . .     Faith    .   b - +0 robe
rPois    .         Spirit   .   E - +0 helmet
rElec    .         Reflect  .   (no cloak)
rCorr    .         Harm     .   G - +0 pair of gloves
MR       .....                  (no boots)
Stlth    ++........             (no amulet)
HPRegen  0.17/turn              (no ring)
MPRegen  0.14/turn              (no ring)

@: no status effects
A: distributed training, fangs 1, strong nose
a: no special abilities


You were on level 8 of the Dungeon.
You were hungry.

You visited 1 branch of the dungeon, and saw 8 of its levels.

You collected 103 gold pieces.
You spent 52 gold pieces at shops.

Inventory:

Hand Weapons
 j - a +0 dagger
 n - a +1 battleaxe
 u - a +3 morningstar
Missiles
 a - 48 arrows
 h - 22 bolts
 t - 4 javelins (quivered)
Armour
 b - a +0 robe (worn)
 m - a +2 ring mail of cold resistance
   (You took it off Ijyb on level 3 of the Dungeon)
 p - a +0 ring mail
 E - a +0 helmet (worn)
 G - a +0 pair of gloves (worn)
Wands
 s - a wand of polymorph (18)
Scrolls
 c - a scroll of fear {unknown}
 f - a scroll of blinking {unknown}
 q - a scroll of random uselessness
 r - 6 scrolls of remove curse
Potions
 e - a potion of flight {unknown}
 g - 3 potions of curing
 i - 2 potions of brilliance {unknown}
 k - a potion of agility {unknown}
 l - a potion of resistance
 o - a potion of heal wounds
Comestibles
 d - 10 rations


   Skills:
 + Level 3.8 Fighting
 + Level 2.7 Short Blades
 + Level 2.7 Long Blades
 + Level 2.7 Axes
 + Level 2.7 Maces & Flails
 + Level 2.7 Polearms
 + Level 2.7 Staves
 + Level 2.7 Slings
 + Level 2.7 Bows
 + Level 2.7 Crossbows
 + Level 2.7 Throwing
 + Level 2.7 Armour
 + Level 5.4 Dodging
 + Level 2.7 Stealth
 + Level 2.7 Shields
 + Level 7.1 Unarmed Combat
 + Level 5.7 Spellcasting
 + Level 2.2 Conjurations
 + Level 2.2 Hexes
 + Level 2.2 Charms
 + Level 2.2 Summonings
 + Level 2.2 Necromancy
 + Level 2.2 Translocations
 + Level 4.4 Transmutations
 + Level 2.2 Fire Magic
 + Level 2.2 Ice Magic
 + Level 2.2 Air Magic
 + Level 2.2 Earth Magic
 + Level 2.2 Poison Magic
 + Level 3.0 Invocations
 + Level 2.7 Evocations


You had 11 spell levels left.
You knew the following spells:

 Your Spells              Type           Power        Failure   Level  Hunger
e - Beastly Appendage     Tmut           ###...       1%          1    None
k - Sticks to Snakes      Tmut           ###.....     3%          2    #......
p - Spider Form           Tmut/Pois      ###.......   10%         3    ##.....


Dungeon Overview and Level Annotations

Branches:
Dungeon (8/15)
 Temple: D:4-7         Lair: D:8-11

Altars:
Xom

Shops:
D:4 [:?


Innate Abilities, Weirdness & Mutations

Your experience applies equally to all skills.
You have very sharp teeth.
Your uncanny sense of smell can sniff out nearby items.


Message History

You hit the wight.
The wight is severely damaged.
The wight misses you.
You bite the wight!
You destroy the wight!
You hit the wight but do no damage. The wight closely misses you.
You hit the wight.
The wight is moderately damaged.
You hit the wight.
The wight is heavily damaged.
The wight completely misses you.
You hit the wight but do no damage.
The wight is heavily damaged.
The wight barely misses you.
You bite the wight!
You destroy the wight!
Your transformation is almost over.
You hit the wight.
The wight is lightly damaged.
You hear a distant blaring wail to the west.
The wight misses you.
You hit the wight but do no damage.
The wight is lightly damaged.
You hit the wight.
The wight is heavily damaged.
The wight barely misses you.
You hit the wight but do no damage.
The wight is heavily damaged.
The wight barely misses you.
You hit the wight.
The wight is almost destroyed.
The wight hits you with an enchanted battleaxe!
You barely miss the wight.
The wight is almost destroyed.
You hit the wight.
You destroy the wight!
You are feeling hungry.
Items here: )))) [[[[
n - an enchanted battleaxe;
u - an enchanted morningstar Your transformation has ended.
Your +0 helmet unmelds from your body.
Your +0 pair of gloves unmelds from your body.
Your +0 robe unmelds from your body.
There is an open door here.
Found a stone staircase leading down.
You see here 21 gold pieces.
You now have enough gold to buy a scroll of remove curse on D:4.
You can access your shopping list by pressing '$'.
You now have 51 gold pieces (gained 21).
There is a stone staircase leading down here.
You climb downwards.
Found a stone staircase leading down.
There is a stone staircase leading up here.
Okay, then.
There is a stone staircase leading down here.
An ogre comes into view. It is wielding a giant spiked club.
Casting: Spider Form (safe; 11% risk of failure)
Confirm with . or Enter, or press ? or * to list all spells.
You turn into a venomous arachnid creature.
Your +0 helmet melds into your body.
Your +0 pair of gloves melds into your body.
Your +0 robe melds into your body.
You bite the ogre!
The ogre looks as sick as possible!
The ogre is heavily wounded.
You hit the ogre but do no damage.
The ogre looks as sick as possible!
The ogre is heavily wounded.
The ogre completely misses you.
You bite the ogre!
The ogre looks as sick as possible!
The ogre is almost dead.
The ogre barely misses you.
You hit the ogre.
The ogre looks as sick as possible!
The ogre is almost dead.
You kill the ogre!
Your Invocations skill increases to level 3!
You see here a giant spiked club.
An adder zombie comes into view.
Your transformation is almost over.
Found a stone staircase leading down.
The helpless adder zombie fails to defend itself.
You hit the adder zombie.
The adder zombie is moderately damaged.
The adder zombie barely misses you.
You hit the adder zombie.
The adder zombie is moderately damaged.
The adder zombie completely misses you.
You hit the adder zombie.
The adder zombie is severely damaged.
The adder zombie bites you but does no damage.
You bite the adder zombie!
You destroy the adder zombie!
Your transformation has ended.
Your +0 helmet unmelds from your body.
Your +0 pair of gloves unmelds from your body.
Your +0 robe unmelds from your body.
There is a stone staircase leading down here.
You climb downwards.
You hear the roar of battle.
There is an entrance to a bailey on this level.
Hurry and find it before the portal closes forever!
There is a stone staircase leading up here.
Are you sure you want to abandon this character and quit the game? (Confirm with "yes".) ## .. #.### #..@# ##### ∆

There were no monsters in sight!

Vanquished Creatures
  A water moccasin (D:5)
  An ogre (D:7)
  2 scorpions (D:5)
  4 wights (D:6)
  A centaur skeleton (D:5)
  An orc priest (D:3)
  A bullfrog skeleton (D:5)
  Ijyb (D:3)
  3 worker ants (D:5)
  An orc wizard (D:3)
  4 adders
  An adder zombie (D:7)
  2 worms (D:3)
  A dart slug (D:1)
  2 leopard geckos
  6 orcs (D:3)
  A giant cockroach (D:1)
  2 hobgoblins (D:1)
  2 kobolds (D:1)
  A quokka (D:3)
  A ball python (D:4)
  A bat (D:3)
  4 frilled lizards
  A rat (D:2)
45 creatures vanquished.

Vanquished Creatures (collateral kills)
  An ogre (D:6)
  A bullfrog skeleton (D:5)
2 creatures vanquished.

Vanquished Creatures (others)
  A hound (D:5)
  A worker ant (D:5)
  A gnoll (D:5)
  An adder (D:5)
  A worm (D:5)
  A quokka (D:5)
6 creatures vanquished.

Grand Total: 53 creatures vanquished

Notes
Turn   | Place    | Note
-------+----------+-------------------------------------------
     0 | D:1      | tidbits the Gnoll Transmuter began the quest for the Orb.
     0 | D:1      | Reached XP level 1. HP: 17/17 MP: 6/6
   132 | D:1      | Reached XP level 2. HP: 7/23 MP: 5/7
   136 | D:1      | Learned a level 2 spell: Sticks to Snakes
   432 | D:4      | Found Conikoch's Book Boutique.
   477 | D:4      | Found Bosuarum's Magic Scroll Shoppe.
   486 | D:4      | Bought a scroll of identify for 26 gold pieces
   488 | D:4      | Bought a scroll of identify for 26 gold pieces
   569 | D:5      | Entered Level 5 of the Dungeon
   695 | D:5      | Reached XP level 3. HP: 21/28 MP: 7/9
   700 | D:5      | Learned a level 3 spell: Spider Form
   746 | D:3      | Reached skill level 5 in Spellcasting
   762 | D:3      | Reached skill level 1 in Invocations
   781 | D:3      | Reached skill level 1 in Short Blades
   781 | D:3      | Reached skill level 1 in Long Blades
   781 | D:3      | Reached skill level 1 in Axes
   781 | D:3      | Reached skill level 1 in Maces & Flails
   781 | D:3      | Reached skill level 1 in Polearms
   781 | D:3      | Reached skill level 1 in Staves
   781 | D:3      | Reached skill level 1 in Slings
   781 | D:3      | Reached skill level 1 in Bows
   781 | D:3      | Reached skill level 1 in Crossbows
   781 | D:3      | Reached skill level 1 in Throwing
   781 | D:3      | Reached skill level 1 in Armour
   781 | D:3      | Reached skill level 1 in Stealth
   781 | D:3      | Reached skill level 1 in Shields
   781 | D:3      | Reached skill level 1 in Evocations
   781 | D:3      | Reached XP level 4. HP: 28/34 MP: 4/11
   790 | D:3      | Reached skill level 1 in Conjurations
   790 | D:3      | Reached skill level 1 in Hexes
   790 | D:3      | Reached skill level 1 in Charms
   790 | D:3      | Reached skill level 1 in Summonings
   790 | D:3      | Reached skill level 1 in Necromancy
   790 | D:3      | Reached skill level 1 in Translocations
   790 | D:3      | Reached skill level 1 in Fire Magic
   790 | D:3      | Reached skill level 1 in Ice Magic
   790 | D:3      | Reached skill level 1 in Air Magic
   790 | D:3      | Reached skill level 1 in Earth Magic
   790 | D:3      | Reached skill level 1 in Poison Magic
   863 | D:3      | Noticed Ijyb
   875 | D:3      | Killed Ijyb
   875 | D:3      | Reached XP level 5. HP: 37/40 MP: 4/12
   956 | D:4      | Found Ubiusipn's Antique Armour Boutique.
   988 | D:5      | Found a shimmering altar of Xom.
   995 | D:5      | Reached skill level 3 in Fighting
  1004 | D:5      | Noticed a water moccasin
  1015 | D:5      | Killed a water moccasin
  1015 | D:5      | Reached skill level 4 in Transmutations
  1015 | D:5      | Reached skill level 2 in Invocations
  1015 | D:5      | Reached XP level 6. HP: 38/47 MP: 3/13
  1073 | D:5      | Reached skill level 2 in Short Blades
  1073 | D:5      | Reached skill level 2 in Long Blades
  1073 | D:5      | Reached skill level 2 in Axes
  1073 | D:5      | Reached skill level 2 in Maces & Flails
  1073 | D:5      | Reached skill level 2 in Polearms
  1073 | D:5      | Reached skill level 2 in Staves
  1073 | D:5      | Reached skill level 2 in Slings
  1073 | D:5      | Reached skill level 2 in Bows
  1073 | D:5      | Reached skill level 2 in Crossbows
  1073 | D:5      | Reached skill level 2 in Throwing
  1073 | D:5      | Reached skill level 2 in Armour
  1073 | D:5      | Reached skill level 5 in Dodging
  1073 | D:5      | Reached skill level 2 in Stealth
  1073 | D:5      | Reached skill level 2 in Shields
  1073 | D:5      | Reached skill level 2 in Evocations
  1143 | D:5      | Reached XP level 7. HP: 45/52 MP: 2/15
  1206 | D:6      | Reached skill level 7 in Unarmed Combat
  1280 | D:6      | Reached skill level 2 in Conjurations
  1280 | D:6      | Reached skill level 2 in Hexes
  1280 | D:6      | Reached skill level 2 in Charms
  1280 | D:6      | Reached skill level 2 in Summonings
  1280 | D:6      | Reached skill level 2 in Necromancy
  1280 | D:6      | Reached skill level 2 in Translocations
  1280 | D:6      | Reached skill level 2 in Fire Magic
  1280 | D:6      | Reached skill level 2 in Ice Magic
  1280 | D:6      | Reached skill level 2 in Air Magic
  1280 | D:6      | Reached skill level 2 in Earth Magic
  1280 | D:6      | Reached skill level 2 in Poison Magic
  1328 | D:7      | Reached skill level 3 in Invocations
  1346 | D:8      | Quit the game

Vault maps used:
D:1:      dpeg_arrival_houses_and_road
D:2:      gammafunk_temple_overflow_wave
D:3:      uniq_ijyb
D:4:      serial_shops, nicolae_shop_window_shopping, shop_statue, shop_statue
D:5:      serial_shops, kennysheep_little_box, first_ration, xom_confusion_cloud
D:6:      temple_doors_e, hangedman_decor_diamond_cutter, okawaru_gym_becter
D:7:      grunt_ministairs_14, fountainhead, bloody_makhleb,
          uniq_crazy_yiuf_cottage, uniq_menkaure
D:8:      enter_bailey_3, hangedman_ranch

Skill      XL: |  1  2  3  4  5  6  7 |
---------------+----------------------+-----
Spellcasting   | 5 |  5.7
Invocations    | 1 2 3 |  3.0
Short Blades   | 1 2 |  2.7
Long Blades    | 1 2 |  2.7
Axes           | 1 2 |  2.7
Maces & Flails | 1 2 |  2.7
Polearms       | 1 2 |  2.7
Staves         | 1 2 |  2.7
Slings         | 1 2 |  2.7
Bows           | 1 2 |  2.7
Crossbows      | 1 2 |  2.7
Throwing       | 1 2 |  2.7
Armour         | 1 2 |  2.7
Stealth        | 1 2 |  2.7
Shields        | 1 2 |  2.7
Evocations     | 1 2 |  2.7
Conjurations   | 1 2 |  2.2
Hexes          | 1 2 |  2.2
Charms         | 1 2 |  2.2
Summonings     | 1 2 |  2.2
Necromancy     | 1 2 |  2.2
Translocations | 1 2 |  2.2
Fire Magic     | 1 2 |  2.2
Ice Magic      | 1 2 |  2.2
Air Magic      | 1 2 |  2.2
Earth Magic    | 1 2 |  2.2
Poison Magic   | 1 2 |  2.2
Fighting       | 3 |  3.8
Transmutations | 4 |  4.4
Dodging        | 5 |  5.4
Unarmed Combat | 7 |  7.1

Action                   |  1- 3 |  4- 6 |  7- 9 || total
-------------------------+-------+-------+-------++-------
Melee: Unarmed           |    66 |    56 |    31 ||   153
       Headbutt          |     3 |       |       ||     3
       Kick              |     5 |     1 |       ||     6
       Bite              |     2 |     1 |       ||     3
       Punch             |     1 |       |       ||     1
 Cast: Beastly Appendage |    12 |     2 |       ||    14
       Sticks to Snakes  |     1 |     6 |     1 ||     8
       Spider Form       |     2 |     9 |     3 ||    14
  Use: Scroll            |     3 |     3 |       ||     6
       Potion            |       |       |     1 ||     1
 Stab: Sleeping          |     2 |     1 |     1 ||     4
       Distracted        |       |     1 |       ||     1
  Eat: Chunk             |       |     2 |       ||     2
Armor: Robe              |     3 |     2 |       ||     5
       Skin              |     1 |     3 |     1 ||     5
Dodge: Dodged            |    37 |    42 |    16 ||    95

Table legend:
 A = Spawn XP
 B = Non-spawn XP
 C = Spawn XP percentage of total XP
 D = Spawn monster count
 E = Non-spawn monster count
 F = Spawn count percentage of total count
 G = Total turns spent on level
                    A         B        C        D         E        F      G
               +---------+---------+-------+---------+---------+-------+---------
         Total |       0 |    1170 |   0.0 |       0 |      47 |   0.0 |  1346
               +---------+---------+-------+---------+---------+-------+---------
           D:1 |       0 |      17 |   0.0 |       0 |       8 |   0.0 |   189
           D:2 |       0 |       1 |   0.0 |       0 |       1 |   0.0 |   203
           D:3 |       0 |     156 |   0.0 |       0 |      16 |   0.0 |   236
           D:4 |       0 |      24 |   0.0 |       0 |       3 |   0.0 |   315
           D:5 |       0 |     501 |   0.0 |       0 |      12 |   0.0 |   247
           D:6 |       0 |     347 |   0.0 |       0 |       5 |   0.0 |   120
           D:7 |       0 |     124 |   0.0 |       0 |       2 |   0.0 |    35
               +---------+---------+-------+---------+---------+-------+---------

Table legend:
 A = Turns spent in this place as a percentage of turns spent in the entire game.
 B = Non-inter-level travel turns spent in this place as a percentage of non-inter-level travel turns spent in the entire game.
 C = Inter-level travel turns spent in this place as a percentage of turns spent in this place.
 D = Turns resting spent in this place as a percentage of non-inter-level travel turns spent in this place.
 E = Turns spent auto-exploring this place as a percentage of non-inter-level travel turns spent in this place.
 F = Non-inter-level travel turns spent in this place divided by the number of levels of this place that you've seen.
                   A       B       C       D       E      F
               +-------+-------+-------+-------+-------+----------------------
         Total | 100.0 | 100.0 |   0.0 |   0.0 |   0.0 | 168.2
       Dungeon | 100.0 | 100.0 |   0.0 |   0.0 |   0.0 | 168.2
               +-------+-------+-------+-------+-------+----------------------

Table legend:
 A = Kills in this place as a percentage of kills in entire the game.
 B = Kills by you in this place as a percentage of kills by you in the entire game.
 C = Kills by friends in this place as a percentage of kills by friends in the entire game.
 D = Other kills in this place as a percentage of other kills in the entire game.
 E = Experience gained in this place as a percentage of experience gained in the entire game.
 F = Experience gained in this place divided by the number of levels of this place that you have seen.
                   A       B       C       D       E      F
               +-------+-------+-------+-------+-------+----------------------
         Total | 100.0 | 100.0 | 100.0 |   N/A | 100.0 | 146.2
       Dungeon | 100.0 | 100.0 | 100.0 |   N/A | 100.0 | 146.2
               +-------+-------+-------+-------+-------+----------------------

Vault maps used:
D:1:      dpeg_arrival_houses_and_road
D:2:      gammafunk_temple_overflow_wave
D:3:      uniq_ijyb
D:4:      serial_shops, nicolae_shop_window_shopping, shop_statue, shop_statue
D:5:      serial_shops, kennysheep_little_box, first_ration, xom_confusion_cloud
D:6:      temple_doors_e, hangedman_decor_diamond_cutter, okawaru_gym_becter
D:7:      grunt_ministairs_14, fountainhead, bloody_makhleb,
          uniq_crazy_yiuf_cottage, uniq_menkaure
D:8:      enter_bailey_3, hangedman_ranch
